 Dungeon Crawl Stone Soup version 0.30.1-9-gdf580d7c3d (webtiles) character file.

Game seed: 14466779895695837412

125 Woods the Ruffian (level 5, -1/67 HPs)
             Began as a Naga Transmuter on Oct 20, 2023.
             Frozen to death by an endoplasm (3 damage)
             ... on level 2 of the Dungeon.
             The game lasted 00:06:36 (2306 turns).

Woods the Ruffian (Naga Transmuter)                 Turns: 2306, Time: 00:06:36

Health: -1/67      AC: 22    Str: 13    XL:     5   Next: 9%
Magic:  7/9        EV:  1    Int: 15    God:
Gold:   89         SH:  0    Dex: 11    Spells: 4/10 levels left

rFire   . .          .
                       - Unarmed
rCold   . . .        (no shield)
rNeg    . . .        a - melded +0 robe
rPois   +            n - melded +0 helmet
rElec   .            (cloak currently unavailable)
rCorr   .            (gloves currently unavailable)
SInv    +            (no barding)
Will    .....        (no amulet)
Stlth   ++           (no ring)
HPRegen 0.31/turn    (no ring)
MPRegen 0.11/turn

%: no passive effects
@: tree-form, wereblooded
A: stationary, stasis, torment immunity, boosted hp, AC +1, large, see
invisible, (deformed body), (poison resistance), (slowness 2), spit poison 1,
(naga tail 1)
a: Spit Poison


You were on level 2 of the Dungeon.
You were a tree.
You visited 1 branch of the dungeon, and saw 3 of its levels.

You collected 89 gold pieces.

Inventory:

Armour
 a - a +0 robe (melded)
 n - a +0 helmet (melded)
Scrolls
 b - a scroll of enchant armour {unknown}
 d - a scroll of silence {unknown}
 e - a scroll of noise {unknown}
 f - a scroll of vulnerability {unknown}
 g - a scroll of fear {unknown}
 i - a scroll of fog {unknown}
 k - 3 scrolls of blinking {unknown}
 l - a scroll of butterflies {unknown}
 o - a scroll of enchant weapon {unknown}
 q - a scroll of identify {unknown}
 r - a scroll of amnesia {unknown}
Potions
 c - 3 potions of cancellation {unknown}
 h - a potion of invisibility {unknown}
 j - a potion of curing {unknown}
 m - a potion of berserk rage {unknown}
 p - a potion of lignification


   Skills:
 + Level 1.8 Fighting
 + Level 2.0 Dodging
 + Level 2.2 Stealth
 * Level 3.8 Unarmed Combat
 - Level 3.0 Spellcasting
 + Level 2.4 Transmutations


You had 4 spell levels left.
You knew the following spells:

 Your Spells              Type           Power      Damage    Failure   Level
a - Beastly Appendage     Tmut           18%        N/A       8%          1
b - Wereblood             Tmut           9%         N/A       11%         2
c - Spider Form           Tmut/Pois      5%         N/A       36%         3

Your spell library contained the following spells:

 Spells                   Type           Power      Damage    Failure   Level
 Ice Form                 Ice/Tmut       5%         N/A       77%         4


Dungeon Overview and Level Annotations

Branches:
Dungeon (3/15)

Altars:
Xom

Shops:
D:2 ![[*:


Innate Abilities, Weirdness & Mutations

You are a tree.
Your roots penetrate the ground, keeping you stationary.
You cannot be teleported.
You are immune to unholy pain and torment.
Your maximum health is greatly increased.
Your equipment is partially melded.
((Your serpentine skin is tough. (AC +1)))
You have supernaturally acute eyesight. (SInv)
((Armour fits poorly on your strangely shaped body.))
((Your system is resistant to poisons. (rPois)))
((You cover ground very slowly.))
You can spit poison.
((You have a snake-like lower body.))


Message History

The adder poisons you! The endoplasm freezes you.
You are frozen.
You hit the adder.
You feel a bit better.
You kill the adder!
You feel sick. The kobold hits you with a +0 club.
Training target 3.0 for Spellcasting reached!
Your Dodging skill increases to level 2!
Your Spellcasting skill increases to level 3!
Unknown command.
You hit the kobold.
The kobold is heavily wounded.
Your horns disappear.
Your +0 helmet unmelds from your body.
The endoplasm freezes you.
You are frozen.
The quokka bites you but does no damage.
The kobold hits you with a +0 club.
* * * LOW HITPOINT WARNING * * *
You feel sick. The quokka barely misses you. The endoplasm barely misses you.
The kobold hits you with a +0 club.
* * * LOW HITPOINT WARNING * * *
The quokka barely misses you.
The orc is engulfed in noxious fumes.
The orc appears confused.
You climb upwards.
You feel sick.
There is a stone staircase leading down here.
You closely miss the quokka.
You feel sick.
You are no longer poisoned.
The endoplasm freezes you.
You are frozen.
* * * LOW HITPOINT WARNING * * *
The kobold hits you with a +0 club.
* * * LOW HITPOINT WARNING * * *
The quokka bites you.
* * * LOW HITPOINT WARNING * * *
You turn into a tree.
Your +0 helmet melds into your body.
Your +0 robe melds into your body.
Your roots penetrate the ground.
The endoplasm freezes you.
You are frozen.
You die...

#.~~~~.~≈≈~~......##......
#.................##......
#####.##.#........##......
#....###......#####.♣. #.####
#..........##..
#.######..........##..
#.................')..
############K######......##..
#.>...)# ###♣J...........+...
#...∩..# #.r.......##....####
#......###...............#
#......'.................#
#......#######.......#####
#......##............#
#...........#...)....#
#...........+.######## ######
#.......#...### #.....


You could see an endoplasm, a quokka and a kobold.

Vanquished Creatures
  Jessica (D:2)
  Terence (D:2)
  3 adders
  A worm (D:2)
  2 dart slugs (D:2)
  An orc (D:3)
  2 bats (D:2)
  3 endoplasms (D:2)
  2 giant cockroaches
  5 goblins
  3 hobgoblins
  3 kobolds
  3 quokkas
  3 ball pythons
  3 frilled lizards (D:2)
  4 rats
40 creatures vanquished.

Notes
Turn   | Place    | Note
-------+----------+-------------------------------------------
     0 | D:1      | Woods the Naga Transmuter began the quest for the Orb.
     0 | D:1      | Reached XP level 1. HP: 18/18 MP: 3/3
   357 | D:1      | Reached XP level 2. HP: 22/25 MP: 3/5
   802 | D:2      | Reached skill level 1 in Stealth
   843 | D:2      | Noticed Terence
   860 | D:2      | Killed Terence
   861 | D:2      | Reached XP level 3. HP: 10/31 MP: 4/6
  1210 | D:2      | Found Lesyughu's Armour Emporium.
  1223 | D:2      | Found Kann's Distillery.
  1302 | D:2      | Reached XP level 4. HP: 20/38 MP: 7/7
  1659 | D:2      | Identified the +5 quarterstaff of the Warrior-Mage {heavy,
                  | rPois SInv}
  1688 | D:2      | Found Acarif's Book Boutique.
  1692 | D:2      | Noticed Jessica
  1698 | D:2      | Learned a level 2 spell: Wereblood
  1702 | D:2      | Learned a level 3 spell: Spider Form
  1710 | D:2      | Killed Jessica
  1834 | D:2      | Found Xiegen's Assorted Antiques.
  1866 | D:2      | Found Ytwuac's Armour Emporium.
  2286 | D:3      | Found a shimmering altar of Xom.
  2299 | D:3      | Reached XP level 5. HP: 38/45 MP: 6/9
  2305 | D:2      | HP: 2/45 [kobold/+0 club (2)]
  2306 | D:2      | Frozen to death by an endoplasm

Illustrated notes

Levels and vault maps discovered:
D:1:      saegor_arrival_simple_a, layout_basic, minmay_parallelograms
D:2:      layout_basic, serial_shops, shop, nicolae_shop_pleasant_corner_grove,
          shop, nicolae_shop_hallway_stairs, shop, grunt_ministairs_2,
          minivault_14, kennysheep_generic_room_10, uniq_jessica, uniq_terence
D:3:      layout_loops_cross, xom_confusion_cloud

Skill      XL: |  1  2  3  4  5 |
---------------+----------------+-----
Stealth        | 1 2 |  2.2
Dodging        | 2 |  2.0
Spellcasting   | 3 |  3.0
Fighting       | |  1.8
Unarmed Combat | |  3.8
Transmutations | |  2.4

Action                     |  1- 3 |  4- 6 || total
---------------------------+-------+-------++-------
  Melee: Unarmed           |    57 |    78 ||   135
         Headbutt          |     6 |    10 ||    16
         Punch             |       |     3 ||     3
   Cast: Beastly Appendage |    15 |    11 ||    26
         Wereblood         |       |     1 ||     1
Ability: Spit Poison       |     4 |     1 ||     5
         End Transformatio |     1 |       ||     1
    Use: Potion            |     1 |     1 ||     2
   Stab: Sleeping          |     1 |     2 ||     3
 Armour: Robe              |     8 |    14 ||    22
         Skin              |     1 |       ||     1
  Dodge: Dodged            |    24 |    34 ||    58
